 Dungeon Crawl Stone Soup version 0.22-a0-21-g9421e3f (webtiles) character file.

64 Lanoc the Insei (level 4, -1/28 HPs)
             Began as an Octopode Transmuter on Jan 2, 2018.
             Slain by an orc wizard
             ... wielding a +0 dagger
              (3 damage)
             ... on level 2 of the Dungeon.
             The game lasted 00:03:37 (1926 turns).

Lanoc the Insei (Octopode Transmuter)               Turns: 1926, Time: 00:03:37

Health: -1/28      AC:  1    Str:  9    XL:     4   Next: 12%
Magic:  7/7        EV: 13    Int: 16    God:
Gold:   37         SH:  0    Dex: 12    Spells: 1/7 levels left

rFire    . . .     SeeInvis .     - Unarmed
rCold    . . .     Gourm    .   (no shield)
rNeg     + . .     Faith    .   (helmet restricted)
rPois    .         Spirit   .   (no amulet)
rElec    .         Reflect  .   d - ring of positive energy
rCorr    .         Harm     .   (no ring)
MR       .....                  (no ring)
Stlth    ++........             (no ring)
HPRegen  0.09/turn              (no ring)
MPRegen  0.10/turn              (no ring)
                                (no ring)
                                (no ring)

@: appendage (expiring)
A: almost no armour, stealthy swim, amphibious, 8 rings, constrict 8, tentacle
spike 3, camouflage 1, gelatinous body 1
a: End Transformation


You were on level 2 of the Dungeon.
You were not hungry.
One of your tentacles had a temporary spike.
You visited 1 branch of the dungeon, and saw 2 of its levels.

You collected 37 gold pieces.

Inventory:

Missiles
 a - 47 arrows
Jewellery
 d - a ring of positive energy (left tentacle)
Scrolls
 e - 2 scrolls of magic mapping {unknown}
 h - a scroll of remove curse {unknown}
 i - 3 scrolls of identify {unknown}
 k - a scroll of enchant weapon {unknown}
 n - a scroll of random uselessness {unknown}
Potions
 g - 2 potions of magic
 j - a potion of mutation {unknown}
 l - a potion of resistance {unknown}
 m - 2 potions of agility {unknown}
 o - a potion of curing {unknown}
Books
 b - a book of Changes

   Spells                             Type                      Level
   a - Beastly Appendage              Transmutation                1
   b - Sticks to Snakes               Transmutation                2
   c - Spider Form                    Transmutation/Poison         3
   d - Ice Form                       Ice/Transmutation            4
   e - Blade Hands                    Transmutation                5
Comestibles
 c - 5 rations
 f - 3 chunks of flesh


   Skills:
 + Level 1.5 Fighting
 + Level 2.2 Dodging
 * Level 3.6 Unarmed Combat
 + Level 2.3 Spellcasting
 * Level 2.8 Transmutations


You had one spell level left.
You knew the following spells:

 Your Spells              Type           Power        Failure   Level  Hunger
a - Beastly Appendage     Tmut           ##....       6%          1    #......
b - Sticks to Snakes      Tmut           ##......     10%         2    ###....
c - Spider Form           Tmut/Pois      #.........   32%         3    ###....


Dungeon Overview and Level Annotations

Branches:
Dungeon (2/15)

Altars:


Innate Abilities, Weirdness & Mutations

You cannot wear most types of armour.
You are very stealthy in the water. (Stealth+)
You are amphibious.
You can wear up to eight rings at the same time.
You can use your tentacles to constrict eight enemies at once.
Your skin changes colour to match your surroundings (Stealth+).
Your rubbery body absorbs attacks. (AC +1, EV +1)
One of your tentacles bears a large vicious spike.


Message History

The orc closely misses you.
You tentacle-slap something.
You pierce something.
Something hits you but does no damage. The orc closely misses you.
Something hits you.
You miss something. Something barely misses you. The orc barely misses you.
You closely miss something.
Your transformation is almost over.
Something hits you.
* * * LOW HITPOINT WARNING * * *
Something completely misses you. The orc hits you but does no damage.
You miss something.
Your tentacle spike misses something.
Your squeeze misses something.
You hear some strange, mumbled words.
A puff of frost appears from out of thin air!
The puff of frost misses you.
The orc hits you from afar with an enchanted trident.
* * * LOW HITPOINT WARNING * * *
Okay, then.
It was a potion of magic.
Magic courses through your body. Something hits you.
You die...

##.## # #..# # ##.### #..##
##.## #.## #..#
####################### ######.#
#..............@{o..............
##.###########################.#
#.# ########### #.. #.#
#.........# ##. #.#
#.#######.######. ###.#
#########.# #......... ....#
#.........# #..#####.# #.###
#.######### #..#####.# #.# #.#
#........#


You could see an orc.

Vanquished Creatures
  2 worms (D:2)
  A dart slug (D:1)
  A leopard gecko (D:1)
  2 orcs (D:2)
  A bat (D:1)
  3 giant cockroaches
  5 goblins
  5 hobgoblins
  8 jackals (D:1)
  10 kobolds
  5 frilled lizards (D:1)
  3 rats
46 creatures vanquished.

Notes
Turn   | Place    | Note
-------+----------+-------------------------------------------
     0 | D:1      | Lanoc the Octopode Transmuter began the quest for the Orb.
     0 | D:1      | Reached XP level 1. HP: 13/13 MP: 3/3
    81 | D:1      | Reached XP level 2. HP: 9/18 MP: 3/5
   528 | D:1      | Reached XP level 3. HP: 14/23 MP: 6/6
   647 | D:1      | Learned a level 2 spell: Sticks to Snakes
   651 | D:1      | Learned a level 3 spell: Spider Form
  1823 | D:2      | Reached XP level 4. HP: 28/28 MP: 2/7
  1926 | D:2      | Slain by an orc wizard

Vault maps used:
D:1:      minmay_arrival_wavy_path, minmay_misc_feat_roman
D:2:      first_ration, kennysheep_decorative_pillar

Action                   |  1- 3 |  4- 6 || total
-------------------------+-------+-------++-------
Melee: Unarmed           |    98 |    16 ||   114
       Constrict         |    26 |     1 ||    27
       Kick              |    18 |     6 ||    24
       Tentacles         |    16 |     4 ||    20
       Punch             |     2 |       ||     2
 Cast: Beastly Appendage |    21 |     1 ||    22
       Spider Form       |     2 |       ||     2
  Use: Potion            |       |     1 ||     1
 Stab: Sleeping          |     5 |       ||     5
  Eat: Chunk             |     3 |     1 ||     4
Armor: Skin              |     6 |       ||     6
Dodge: Dodged            |    61 |    12 ||    73

Table legend:
 A = Spawn XP
 B = Non-spawn XP
 C = Spawn XP percentage of total XP
 D = Spawn monster count
 E = Non-spawn monster count
 F = Spawn count percentage of total count
 G = Total turns spent on level
                    A         B        C        D         E        F      G
               +---------+---------+-------+---------+---------+-------+---------
         Total |       0 |      92 |   0.0 |       0 |      46 |   0.0 |  1926
               +---------+---------+-------+---------+---------+-------+---------
           D:1 |       0 |      58 |   0.0 |       0 |      31 |   0.0 |  1168
           D:2 |       0 |      34 |   0.0 |       0 |      15 |   0.0 |   758
               +---------+---------+-------+---------+---------+-------+---------
